 Dungeon Crawl Stone Soup version 0.25.1-1-g288607f5aa (webtiles) character file.

Game seed: 16312604127089150683

82932 Ijustatesigmund the Octopoid Aeon (level 15, -8/117 HPs)
             Began as an Octopode Fighter on July 24, 2020.
             Was the Champion of Cheibriados.
             Mangled by a titanic slime creature (64 damage)
             ... on level 14 of the Dungeon.
             The game lasted 01:01:49 (23886 turns).

Ijustatesigmund the Octopoid Aeon (OpFi)           Turns: 23886, Time: 01:01:50

Health: -8/117     AC: 11    Str: 44    XL:     15   Next: 75%
Magic:  20/24      EV: 27    Int: 30    God:    Cheibriados [******]
Gold:   2176       SH: 17    Dex: 35    Spells: 12/14 levels left

rFire    . . .     SeeInvis .   a - +3 war axe
rCold    . . .     Gourm    .   b - +1 kite shield
rNeg     . . .     Faith    .   t - +2 hat
rPois    +         Spirit   .   x - amulet of the acrobat
rElec    .         Reflect  .   g - +6 ring of dexterity
rCorr    .         Harm     .   m - ring of poison resistance
MR       +....                  n - +4 ring of protection
Stlth    ++++++++++             j - +4 ring of protection
HPRegen  0.29/turn              p - +6 ring of strength
MPRegen  0.19/turn              I - ring of Shadows {Umbra +Inv Stlth+}
                                O - +4 ring of evasion
                                M - +6 ring of strength

@: wreathed by umbra, very slow
A: almost no armour, stealthy swim, amphibious, 8 rings, constrict 8, camouflage
1, clever 1, robust 1, gelatinous body 1
a: Bend Time, Temporal Distortion, Slouch, Step From Time, Renounce Religion,
Evoke Invisibility


You were on level 14 of the Dungeon.
You worshipped Cheibriados.
Cheibriados was exalted by your worship.
You were hungry.

You visited 4 branches of the dungeon, and saw 23 of its levels.
You also visited: Ossuary and Volcano.

You collected 2536 gold pieces.
You spent 360 gold pieces at shops.

Inventory:

Hand Weapons
 a - a +3 war axe (weapon)
 B - a +1 vorpal flail
Missiles
 i - 9 silver javelins
 l - 8 javelins (quivered)
Armour
 b - a +1 kite shield (worn)
 t - a +2 hat (worn)
Jewellery
 g - a +6 ring of dexterity (left tentacle)
 j - a +4 ring of protection (on tentacle)
 m - a ring of poison resistance (right tentacle)
 n - a +4 ring of protection (on tentacle)
 p - a +6 ring of strength (on tentacle)
 x - an amulet of the acrobat (around mantle)
 I - the ring of Shadows (on tentacle) {Umbra +Inv Stlth+}
   (You found it on level 11 of the Dungeon)

   [ring of stealth]

   It lets you turn invisible.
   It makes you more stealthy.
 M - a +6 ring of strength (on tentacle)
 N - an uncursed ring of ice
 O - a +4 ring of evasion (on tentacle)
 S - an uncursed ring of wizardry {unknown}
Wands
 h - a wand of disintegration (10)
 o - a wand of acid (6)
 v - a wand of flame (81)
 w - a wand of polymorph (18)
 y - a wand of digging (2)
 G - a wand of paralysis (22)
 J - a wand of iceblast (16)
 Q - a wand of enslavement (4)
Scrolls
 f - 9 scrolls of remove curse
 q - 3 scrolls of blinking
 u - 3 scrolls of teleportation
 E - 3 scrolls of fear
 H - a scroll of holy word
 K - 4 scrolls of amnesia
 P - 3 scrolls of identify
Potions
 c - 3 potions of heal wounds
 e - 11 potions of curing
 k - 4 potions of lignification
 r - 5 potions of brilliance
 s - a potion of cancellation
 z - 2 potions of flight
 A - 2 potions of ambrosia
 C - 2 potions of magic
 D - 3 potions of stabbing
 L - a potion of might
 R - a potion of invisibility
Comestibles
 d - 56 rations
 F - 11 chunks of flesh


   Skills:
 + Level 11.5 Fighting
 + Level 12.4 Axes
 - Level 7.2 Throwing
 - Level 8.9 Dodging
 - Level 12.4 Stealth
 - Level 9.2 Shields
 - Level 4.8 Charms
 + Level 13.1 Invocations
 - Level 8.2 Evocations


You had 12 spell levels left.
You knew the following spells:

 Your Spells              Type           Power        Failure   Level  Hunger
a - Song of Slaying       Chrm           ####....     4%          2    ###....

Your spell library contained the following spells:

 Spells                   Type           Power        Failure   Level  Hunger
 Infusion                 Chrm           ####         2%          1    ##.....
 Freeze                   Ice            #...         21%         1    ##.....
 Sting                    Tmut/Pois      #...         21%         1    ##.....
 Ozocubu's Armour         Chrm/Ice       ##......     22%         3    ####...
 Spectral Weapon          Hex/Chrm       ##......     22%         3    ####...
 Poisonous Vapours        Pois/Air       #.....       30%         2    ###....
 Confusing Touch          Hex            #.......     52%         3    ####...
 Frozen Ramparts          Ice            #.....       52%         3    ####...
 Gell's Gravitas          Tloc           #.........   52%         3    ####...
 Ignite Poison            Fire/Tmut/Pois #.......     52%         3    ####...
 Mephitic Cloud           Conj/Pois/Air  #.......     52%         3    ####...
 Hailstorm                Conj/Ice       #.......     89%         4    #####..
 Olgreb's Toxic Radiance  Pois           #.......     89%         4    #####..
 Petrify                  Tmut/Erth      #.......     89%         4    #####..
 Summon Ice Beast         Ice/Summ       #.......     89%         4    #####..
 Iskenderun's Battlesphe  Conj/Chrm      ##......     90%         5    ######.
 Metabolic Englaciation   Hex/Ice        #.........   99%         5    ######.
 Yara's Violent Unravell  Hex/Tmut       #.........   99%         5    ######.
 Ring of Flames           Chrm/Fire      ##........   100%        7    #######


Dungeon Overview and Level Annotations

Branches:
Dungeon (14/15)            Temple (1/1) D:4            Lair (6/6) D:11
  Swamp (0/4) Lair:2       Spider (0/4) Lair:4        Slime (0/5) Lair:6
    Orc (2/2) D:9             Elf (0/3) Orc:2        Vaults (0/5) D:14
Ossuary (visited)         Volcano (visited)

Altars:
Ashenzari
Cheibriados
Dithmenos
Elyvilon
Fedhas
Gozag
Hepliaklqana
Kikubaaqudgha
Makhleb
Nemelex Xobeh
Okawaru
Qazlal
Ru
Sif Muna
Trog
Uskayaw
Vehumet
Wu Jian
Xom
Yredelemnul
Zin
The Shining One
Beogh
Jiyva

Shops:
Orc:1 (   Orc:2 [(**

Annotations:
D:11 3 runed translucent doors, ProzacElf's ghost, journeyman SpAE
Lair:2 exclusion: oklob plant


Innate Abilities, Weirdness & Mutations

You cannot wear most types of armour.
You are very stealthy in the water. (Stealth+)
You are amphibious.
You can wear up to eight rings at the same time.
You can use your tentacles to constrict eight enemies at once.
Your skin changes colour to match your surroundings (Stealth+).
Your rubbery body absorbs attacks. (AC +1, EV +1)
Your mind is acute. (Int +2)
You are robust. (+10% HP)


Message History

Two slime creatures merge to form a titanic slime creature.
You closely miss the titanic slime creature.
The titanic slime creature is heavily wounded.
You slash the large slime creature!
You block the titanic slime creature's attack.
You slice the titanic slime creature like a ripe choko!!!
The titanic slime creature is severely wounded.
You closely miss the large slime creature.
A large slime creature splits.
The orc warrior completely misses you. The titanic slime creature hits you.
You hit the titanic slime creature.
The titanic slime creature is severely wounded.
You hit the slime creature. You slash the slime creature!
You kill the slime creature!
Cheibriados thoroughly appreciates the change of pace.
Your song has ended.
The slime creature completely misses you.
The titanic slime creature hits you!!!
Ouch! That really hurt!
You die...

.......##...###
###......#####...#
....#.....##...###
...###.....#.....#
#..#
###...##.#..#####
...
#.............# ..
.#...###...#.## #
. ...#. #.#.#..##
. ..... #@).....#
..
.#.....JJ.)#.#.#
...##o##.....D #..
#.###... ... ...
#.# #.#. #.## #
...# #.. #. ...


You could see a titanic slime creature, a slime creature and an orc warrior.

Vanquished Creatures
  Kirke (Lair:5)
  A red draconian (Volcano)
  2 ogre magi
  8 hydras
  Erica (Lair:1)
  5 centaur warriors
  A death knight (D:13)
  11 two-headed ogres
  5 tengu warriors (D:14)
  Urug (Lair:1)
  3 death yaks
  A deep elf knight (D:14)
  Sonja (Lair:2)
  2 unseen horrors
  A skeletal warrior (D:14)
  2 deep trolls (Orc:1)
  5 ugly things
  2 deep elf magi (D:14)
  4 cyclopes
  3 orc sorcerers
  A manticore (D:14)
  4 black mambas
  A torpor snail (Lair:6)
  8 spiny frogs
  2 kobold demonologists
  7 komodo dragons
  A freezing wraith (D:14)
  An efreet (D:14)
  5 yaktaurs
  A harpy zombie (D:14)
  11 trolls
  4 polar bears
  Grinder (D:5)
  3 hornets
  12 slime creatures
  A tyrant leech (Lair:2)
  7 hippogriffs
  A harpy skeleton (D:14)
  8 dream sheep
  41 yaks
  2 shadows
  2 wraiths
  2 wyverns
  13 spriggans (Lair:6)
  A vampire (D:13)
  2 hungry ghosts
  2 hogs (Lair:5)
  3 humans (D:6)
  4 basilisks
  Grum (Lair:1)
  4 fire bats (Volcano)
  A steam dragon (D:6)
  5 vampire mosquitoes (D:13)
  2 swamp worms (Lair:2)
  A soldier ant (D:13)
  11 water moccasins
  7 porcupines
  5 ice beasts
  10 orc warriors
  5 black bears
  3 sky beasts
  3 necrophages
  23 wolves
  5 boggarts (Lair:6)
  5 phantoms
  16 centaurs
  29 ogres
  15 crocodiles
  2 elf zombies (D:9)
  A big kobold (D:12)
  13 bullfrogs
  5 water moccasin zombies
  A wyvern skeleton (D:14)
  12 wights
  2 electric eels
  3 howler monkeys (D:12)
  3 bullfrog zombies
  4 lava snakes (Volcano)
  5 crimson imps
  A quasit (D:12)
  2 centaur zombies (D:12)
  5 human zombies (D:9)
  10 jellies
  6 hounds
  7 orc priests
  3 bullfrog skeletons
  3 centaur skeletons
  Jessica (D:2)
  A human skeleton (D:9)
  6 iguanas
  24 orc wizards
  13 worker ants
  A hound zombie (D:6)
  4 mummies
  2 worker ant zombies
  11 gnolls
  10 adders
  3 shadow imps
  6 oozes
  3 adder zombies (Ossuary)
  2 worms
  2 dart slugs
  4 leopard geckos
  72 orcs
  9 bats
  8 giant cockroaches
  7 gnoll zombies
  7 goblins
  6 hobgoblins
  7 quokkas
  3 ball pythons
  6 frilled lizards
  A giant cockroach zombie (D:5)
  4 hobgoblin zombies (Ossuary)
  A jackal skeleton (D:7)
  12 kobolds
  6 kobold zombies (Ossuary)
  A leopard gecko skeleton (D:3)
  6 orc zombies (Ossuary)
  10 rats
  A fungus (Lair:5)
  2 plants
712 creatures vanquished.

Vanquished Creatures (others)
  A yak (Lair:6)
  A human (Lair:5)
  A crocodile (Lair:6)
  An adder (D:7)
  5 bushes (D:11)
  11 fungi
  12 plants
32 creatures vanquished.

Grand Total: 744 creatures vanquished

Notes
Turn   | Place    | Note
-------+----------+-------------------------------------------
     0 | D:1      | Ijustatesigmund the Octopode Fighter began the quest for
                  | the Orb.
     0 | D:1      | Reached XP level 1. HP: 16/16 MP: 1/1
   182 | D:1      | Reached XP level 2. HP: 21/21 MP: 2/2
   536 | D:1      | Reached XP level 3. HP: 26/26 MP: 3/3
  1005 | D:3      | Reached XP level 4. HP: 17/31 MP: 4/4
  1325 | D:2      | Noticed Jessica
  1329 | D:2      | Killed Jessica
  1329 | D:2      | Reached XP level 5. HP: 36/36 MP: 5/5
  2289 | D:3      | Noticed a phantom
  2316 | D:3      | Reached XP level 6. HP: 43/43 MP: 6/6
  2338 | D:3      | Killed a phantom
  2507 | D:4      | Found a staircase to the Ecumenical Temple.
  2516 | Temple   | Entered the Ecumenical Temple
  2668 | Temple   | Became a worshipper of Cheibriados the Contemplative
  2744 | D:4      | Reached skill level 5 in Axes
  2908 | D:4      | Noticed a phantom
  2909 | D:4      | Noticed a water moccasin
  2915 | D:4      | Killed a water moccasin
  2915 | D:4      | Reached skill level 1 in Invocations
  2915 | D:4      | Reached XP level 7. HP: 40/49 MP: 6/8
  3061 | D:4      | Reached skill level 5 in Fighting
  3061 | D:4      | Reached skill level 2 in Invocations
  3377 | D:5      | Entered Level 5 of the Dungeon
  3695 | D:5      | Reached skill level 3 in Invocations
  3695 | D:5      | Reached XP level 8. HP: 38/55 MP: 10/10
  3793 | D:5      | Noticed Grinder
  3805 | D:5      | Reached * piety under Cheibriados
  3808 | D:5      | Killed Grinder
  4703 | D:6      | Reached skill level 4 in Invocations
  4964 | D:6      | Reached XP level 9. HP: 49/63 MP: 12/12
  5037 | D:6      | Reached skill level 5 in Invocations
  5128 | D:6      | Found a blossoming altar of Fedhas.
  5580 | D:6      | Found a basalt altar of Yredelemnul.
  5842 | D:7      | Found a sand-covered staircase.
  5850 | Ossuary  | Entered an ossuary
  5884 | Ossuary  | Reached ** piety under Cheibriados
  6007 | Ossuary  | Reached skill level 1 in Stealth
  6188 | Ossuary  | Gained mutation: You are weak. (Str -2) [potion of
                  | mutation]
  6188 | Ossuary  | Lost mutation: You are weak. (Str -2) [potion of mutation]
  6188 | Ossuary  | Gained mutation: Your mind is acute. (Int +2) [potion of
                  | mutation]
  6188 | Ossuary  | Gained mutation: You are robust. (+10% HP) [potion of
                  | mutation]
  6220 | D:7      | Reached *** piety under Cheibriados
  6355 | D:7      | Reached skill level 6 in Invocations
  6697 | D:7      | Reached XP level 10. HP: 78/78 MP: 14/14
  6756 | D:6      | Reached **** piety under Cheibriados
  6995 | D:7      | Reached skill level 1 in Throwing
  7574 | D:8      | Killed an unseen horror
  7574 | D:8      | Reached skill level 7 in Invocations
  7869 | D:8      | Found a white marble altar of Elyvilon.
  7870 | D:8      | Found a glowing silver altar of Zin.
  7874 | D:8      | Found a glowing golden altar of the Shining One.
  8202 | D:9      | Found a shimmering altar of Xom.
  8203 | D:9      | Found a hazy altar of Hepliaklqana.
  8204 | D:9      | Noticed a spectral ugly thing
  8307 | D:9      | Found a shattered altar of Ashenzari.
  8315 | D:9      | Found a staircase to the Orcish Mines.
  8415 | D:9      | Found a bloodstained altar of Trog.
  8416 | D:9      | Found a sparkling altar of Nemelex Xobeh.
  8507 | D:9      | Reached skill level 1 in Evocations
  8660 | D:9      | Reached ***** piety under Cheibriados
  8722 | D:9      | Found an opulent altar of Gozag.
  8789 | D:9      | Found a basalt altar of Yredelemnul.
  8862 | D:9      | Found an ancient bone altar of Kikubaaqudgha.
  8986 | D:10     | Entered Level 10 of the Dungeon
  9080 | D:10     | Reached skill level 10 in Axes
  9089 | D:10     | Noticed a two-headed ogre
  9100 | D:10     | Killed a two-headed ogre
  9100 | D:10     | Reached skill level 8 in Invocations
  9100 | D:10     | Reached XP level 11. HP: 42/85 MP: 15/17
  9105 | D:10     | Noticed a manticore
  9106 | D:10     | a manticore changed into a komodo dragon
  9160 | D:10     | Killed an unseen horror
  9682 | D:10     | Noticed a two-headed ogre
  9755 | D:10     | Killed a two-headed ogre
  9970 | D:11     | Noticed a cyclops
 10247 | D:11     | Noticed a two-headed ogre
 10249 | D:10     | Reached skill level 5 in Shields
 10306 | D:11     | Noticed a seven-headed hydra
 10308 | D:11     | Killed a two-headed ogre
 10308 | D:11     | Reached skill level 9 in Invocations
 10308 | D:11     | Killed a cyclops
 10316 | D:11     | Killed a seven-headed hydra
 10571 | D:11     | Found a staircase to the Lair.
 11012 | D:11     | Reached ****** piety under Cheibriados
 11021 | D:10     | Reached skill level 10 in Fighting
 11021 | D:10     | Reached XP level 12. HP: 74/95 MP: 19/19
 11305 | D:11     | Found a runed translucent gate.
 11305 | D:11     | Found a runed translucent gate.
 11308 | D:11     | Found a runed translucent gate.
 11310 | D:11     | Noticed ProzacElf's ghost (journeyman SpAE)
 11312 | D:11     | Noticed a five-headed hydra
 11320 | D:11     | Killed a five-headed hydra
 11464 | D:11     | Found the ring of Shadows {Umbra +Inv Stlth+}
 11601 | D:11     | Reached skill level 10 in Invocations
 11818 | D:11     | Found a viscous altar of Jiyva.
 12058 | D:12     | Reached skill level 5 in Stealth
 12594 | D:12     | Identified the Guide on Augmentations
 12825 | D:13     | Noticed a death knight
 12835 | D:13     | Killed a death knight
 13230 | D:13     | Reached skill level 11 in Invocations
 13327 | D:13     | Reached skill level 10 in Stealth
 13868 | Orc:1    | Entered Level 1 of the Orcish Mines
 14218 | Orc:2    | Entered Level 2 of the Orcish Mines
 14235 | Orc:1    | Noticed a sun demon
 14242 | Orc:1    | Reached XP level 13. HP: 59/101 MP: 21/21
 14255 | Orc:1    | Paralysed by an orc sorcerer for 6 turns
 14268 | Orc:1    | Found Jonecip's Antique Weapon Emporium.
 14279 | Orc:1    | Found a dark tunnel.
 14288 | Volcano  | Entered a volcano
 14557 | Volcano  | Noticed a red draconian
 14568 | Volcano  | Killed a red draconian
 14569 | Volcano  | Found a burning altar of Makhleb.
 14752 | Volcano  | Found a bloodstained altar of Trog.
 15066 | Orc:2    | Noticed an ogre mage
 15085 | Orc:2    | Killed an ogre mage
 15085 | Orc:2    | Reached skill level 5 in Dodging
 15502 | Orc:1    | Reached skill level 12 in Invocations
 15738 | Orc:2    | Found Saehoir's Assorted Antiques.
 16284 | Orc:2    | Found a roughly hewn altar of Beogh.
 16316 | Orc:2    | Found Unkyatwy's Armour Emporium.
 16342 | Orc:2    | Found Keifishro's General Store.
 16343 | Orc:2    | Found Nuehair's Antique Weapon Boutique.
 16370 | Orc:2    | Bought a scroll of teleportation for 45 gold pieces
 16370 | Orc:2    | Bought a scroll of holy word for 112 gold pieces
 16381 | Orc:2    | Bought a blackened gilded ring for 145 gold pieces
 16382 | Orc:2    | Bought a scroll of identify for 58 gold pieces
 16498 | Orc:2    | Found a staircase to the Elven Halls.
 16595 | Orc:2    | Reached XP level 14. HP: 108/108 MP: 23/23
 17066 | Lair:1   | Entered Level 1 of the Lair of Beasts
 17120 | Lair:1   | Noticed Grum
 17129 | Lair:1   | Killed Grum
 17237 | Lair:1   | Got a glittering silver ring
 17244 | Lair:1   | Identified the ring of Fiudgh {Fire *Contam MP+9 Str+3
                  | Int+3} (You found it on level 1 of the Lair of Beasts)
 17385 | Lair:1   | Noticed Urug
 17392 | Lair:1   | Killed Urug
 17465 | Lair:1   | Noticed Erica
 17476 | Lair:1   | Killed Erica
 18283 | Lair:2   | Learned a level 2 spell: Song of Slaying
 18584 | Lair:2   | Found a staircase to the Swamp.
 18763 | Lair:2   | Noticed Sonja
 18776 | Lair:2   | Killed Sonja
 18776 | Lair:2   | Reached skill level 1 in Charms
 20661 | Lair:4   | Found a hole to the Spider Nest.
 21227 | Lair:5   | Noticed Kirke
 21235 | Lair:5   | Killed Kirke
 21705 | Lair:6   | Entered Level 6 of the Lair of Beasts
 21725 | Lair:6   | Found a staircase to the Slime Pits.
 22084 | Lair:6   | Reached XP level 15. HP: 116/117 MP: 24/24
 22127 | Lair:6   | Reached skill level 5 in Evocations
 22635 | Lair:6   | Reached skill level 5 in Throwing
 23520 | D:14     | Found a gate to the Vaults.
 23860 | D:14     | Reached skill level 13 in Invocations
 23886 | D:14     | Mangled by a titanic slime creature

Illustrated notes

Levels and vault maps discovered:
D:1:      dpeg_arrival_rooms_a, layout_basic
D:2:      layout_basic, dk_noncrumbling_2, uniq_jessica
D:3:      layout_loops_cross, kennysheep_donut
D:4:      layout_gridville, temple_statues
D:5:      layout_layer_cave, first_ration, uniq_grinder
D:6:      layout_basic, lemuel_crystal_altar, basic_altar, minmay_ruffians
D:7:      layout_basic, nicolae_ossuary_entry_plus
D:8:      layout_rooms, good_gods_temple_1
D:9:      layout_irregular_city, regret_index_temple_of_mockery,
          lemuel_mausoleum_altar_kikubaaqudgha,
          nicolae_gozag_cash_rules_everything_around_me,
          gammafunk_temple_overflow_statue, nicolae_ashenzari_panopticon,
          lemuel_zombie_altar_yredelemnul
D:10:     layout_loops_ring, minmay_alternating_orb
D:11:     layout_roguey, minmay_lair_entry_grove, gammafunk_ghost_necromancy,
          hangedman_little_slice_of_home, minmay_radiant
D:12:     layout_roguey
D:13:     layout_small_grid
D:14:     layout_cave_pools, hangedman_vaults_entry_quadrant_bands,
          elyvilon_altar_5, minmay_fractal_squares_5
Temple:   dpeg_chambers_temple
Lair:1:   layout_loops_ring, chequers_serial_rivers_micro_e, lemuel_fruit_tree,
          infiniplex_staircase_pool, uniq_grum, uniq_urug, uniq_erica
Lair:2:   layout_regular_city, palyth_hydra_swamp_entry, serial_bayou_pond_b,
          uniq_sonja
Lair:3:   layout_gridlike, grunt_megastairs_5
Lair:4:   layout_loops_ring, dummy_spider_entry, hibernation_bobbens
Lair:5:   layout_concentric_octagons, uniq_kirke
Lair:6:   minmay_lair_end_enchanted_forest, layout_misc_corridors,
          nicolae_slime_entry_slimehenge
Orc:1:    layout_caves, enter_volcano_1, serial_shops,
          nicolae_shop_overgrown_old_shop, nicolae_orc_sculptors_studio
Orc:2:    st_orc_open, layout_caves, basic_altar

Skill      XL: |  1  2  3  4  5  6  7  8  9 10 11 12 13 14 15 |
---------------+----------------------------------------------+-----
Axes           | 3 4 5 6 8 9 10 11 12 | 12.4
Fighting       | 4 5 6 7 8 10 11 | 11.5
Invocations    | 1 3 4 6 8 9 11 12 13 | 13.1
Stealth        | 3 11 12 | 12.4
Dodging        | 4 6 8 |  8.9
Shields        | 4 6 8 9 |  9.2
Throwing       | 3 4 7 |  7.2
Evocations     | 3 4 8 |  8.2
Charms         | 3 4 |  4.8

Action                   |  1- 3 |  4- 6 |  7- 9 | 10-12 | 13-15 || total
-------------------------+-------+-------+-------+-------+-------++-------
Melee: War axe           |    46 |    90 |   171 |   422 |   623 ||  1352
       Constrict         |    15 |    25 |    39 |    79 |    89 ||   247
       Tentacles         |     7 |    27 |    61 |   181 |   291 ||   567
       Flail             |       |       |       |     4 |    38 ||    42
Throw: Javelin           |       |     3 |    22 |     3 |    17 ||    45
 Cast: Song of Slaying   |       |       |       |       |     3 ||     3
Invok: Bend Time         |       |       |       |     1 |     2 ||     3
       Slouch            |       |       |       |     1 |     3 ||     4
Evoke: Wand              |       |       |     1 |     9 |     6 ||    16
  Use: Scroll            |     6 |     6 |     6 |    10 |     6 ||    34
       Potion            |       |       |     3 |     6 |     6 ||    15
 Stab: Sleeping          |     4 |     8 |    11 |    46 |    51 ||   120
       Distracted        |       |       |     2 |     3 |     4 ||     9
  Eat: Chunk             |       |     7 |     5 |    12 |    11 ||    35
       Ration            |       |       |     1 |       |     2 ||     3
Armor: Skin              |     6 |    14 |    33 |    95 |    72 ||   220
Dodge: Dodged            |    20 |    46 |    61 |   249 |   628 ||  1004
Block: Kite shield       |    25 |    46 |    81 |   315 |   737 ||  1204
